Tamiflu vs Diables

Created - May 5, 2017 at 19:03

Goals
1 2 3 T
Tamiflu 0 4 2 6
Diables 0 1 0 1
Shots
1 2 3 T
Tamiflu 10 12 9 31
Diables 11 12 8 31

1st period

No Goal

Penalties :
Robert Dome (Det) for Hooking (Minor) at 10:51, Craig Smith (Alm) for Hooking (Minor) at 15:00

2nd period

1. Tamiflu , Tye McGinn 30 (Jamie Arniel 57, Jordan Hendry 43) at 1:34
2. Diables , Tyler Bozak 44 (Steve Quailer 38, Gabriel Landeskog 20) at 4:59
3. Tamiflu , Petr Pohl 47 (Robert Dome 55, Greg Mauldin 57) at 12:37
4. Tamiflu , Petr Pohl 48 (Jamie Arniel 58) at 12:45 (PP)
5. Tamiflu , Robert Dome 37 (Greg Mauldin 58) at 18:42 (PP)

Penalties :
Craig Smith (Alm) for Holding (Minor) at 12:44, Steve Quailer (Alm) for Slashing (Double Minor) at 13:00, Kellan Lain (Alm) for Tripping (Minor) at 18:40

3rd period

6. Tamiflu , Jan Mursak 19 (Mike Duco 27, Justin Braun 24) at 12:39
7. Tamiflu , Greg Mauldin 42 (Robert Dome 56, Philip Samuelsson 25) at 13:05

Penalties :
Tyler Arnason (Alm) for Hooking (Minor) at 4:22, Nino Niederreiter (Det) for Hooking (Minor) at 9:34, Taylor Beck (Alm) for High sticking (Double Minor) at 16:38

Goalie Stats

Thomas Greiss (Det), 30 saves from 31 shots - (0.968), W, 33-22-9, 60:00 minutes
Marek Mazanek (Alm), 25 saves from 31 shots - (0.806), L, 19-10-0, 60:00 minutes

Players Stats for Tamiflu

Player Name              G  A  P  +/- PIM S  H  SB GA TA FO     MP     PP MP  PK MP  
------------------------------------------------------------------------------------
Casey Wellman            0  0  0   0  0   0  0  0  0  0  0/0     7:18   0:00   0:00 
Colin Greening           0  0  0   0  0   0  0  0  0  0  2/2     8:41   1:02   0:04 
Greg Mauldin             1  2  3   0  0   5  1  1  0  0  7/12   18:40   5:07   0:59 
Jamie Arniel             0  2  2   2  0   2  0  0  1  0  11/20  19:28   4:29   0:54 
Jan Mursak               1  0  1   1  0   2  0  0  1  0  0/0    12:28   0:00   2:01 
Jordan Hendry            0  1  1   3  0   2  2  4  2  1  0/0    24:53   6:16   2:06 
Justin Braun             0  1  1   1  0   0  0  1  0  1  0/0    14:17   0:16   0:47 
Kyle Lawson              0  0  0   1  0   0  0  1  0  0  0/0    11:54   0:00   0:47 
Lucas Lessio             0  0  0   0  0   0  0  1  0  0  0/0     8:15   0:00   0:54 
Mattias Tedenby          0  0  0   1  0   2  0  0  0  1  0/6    12:49   2:09   0:00 
Mike Duco                0  1  1   1  0   2  1  0  0  0  0/0    13:19   1:49   0:54 
Nathan Oystrick          0  0  0  -1  0   1  1  0  0  1  0/0    21:06   5:05   1:05 
Nino Niederreiter        0  0  0   0  2   1  2  1  0  0  0/1    17:36   5:04   0:00 
Petr Pohl                2  0  2   2  0   5  1  0  0  1  3/3    20:52   4:32   2:10 
Philip Samuelsson        0  1  1   3  0   2  1  3  0  0  0/0    26:44   6:00   2:06 
Robert Dome              1  2  3   0  2   3  0  1  2  0  0/1    17:45   5:07   0:00 
Stefan Elliott           0  0  0  -1  0   1  3  1  0  0  0/0    21:06   5:05   1:05 
Tye McGinn               1  0  1   2  0   3  3  1  0  0  1/2    18:49   4:44   0:00 

Players Stats for Diables

Player Name              G  A  P  +/- PIM S  H  SB GA TA FO     MP     PP MP  PK MP  
------------------------------------------------------------------------------------
Ben Hanowski             0  0  0   0  0   2  2  0  0  0  0/0    10:45   2:08   0:00 
Brandon Prust            0  0  0   0  0   2  0  1  0  1  3/6    14:10   0:00   5:18 
Craig Smith              0  0  0  -2  4   3  0  0  0  0  2/6    16:26   1:50   3:08 
Gabriel Landeskog        0  1  1  -1  0   2  1  0  0  1  2/4    22:11   2:08   4:41 
J.T. Brown               0  0  0   0  0   1  0  0  0  1  0/0     8:26   0:00   0:00 
Jamie Oleksiak           0  0  0   0  0   0  0  0  0  0  0/0     3:32   0:00   0:42 
Keith Seabrook           0  0  0   0  0   0  0  0  0  0  0/0    10:39   0:00   0:00 
Kellan Lain              0  0  0  -2  2   4  3  2  0  0  1/2    18:29   1:50   5:17 
Kyle Chipchura           0  0  0   0  0   0  0  1  0  0  3/5    12:14   0:00   3:04 
Lukas Krajicek           0  0  0  -1  0   3  3  0  0  0  0/0    24:05   2:39   5:58 
Mark Fraser              0  0  0  -2  0   0  0  2  0  0  0/0    21:44   1:19   4:41 
Pavel Valentenko         0  0  0  -2  0   1  1  0  1  0  0/0    21:44   1:19   4:41 
Petter Granberg          0  0  0   0  0   1  1  0  0  0  0/0    11:21   0:00   0:42 
Steve Quailer            0  1  1  -1  4   1  3  0  1  0  0/0    15:56   0:00   0:00 
Taylor Beck              0  0  0   0  4   0  2  0  0  0  0/0    10:10   0:00   1:07 
Tomas Kubalik            0  0  0  -2  0   2  1  1  1  0  0/0    13:13   1:50   0:00 
Tyler Arnason            0  0  0   0  2   1  3  2  0  0  1/3     9:03   0:00   0:07 
Tyler Bozak              1  0  1  -1  0   6  1  0  0  2  11/21  17:30   2:08   0:00 
Tyler Cuma               0  0  0  -1  0   2  0  0  2  1  0/0    26:55   2:39   5:58 

3 Stars

1 - Petr Pohl (Det)
2 - Greg Mauldin (Det)
3 - Thomas Greiss (Det)

Power Play

Tamiflu - 2 on 8 Attempt(s) - 25.00%
Diables - 0 on 2 Attempt(s) - 0.00%

Penalty Kill

Tamiflu - 2 on 2 Attempt(s) - 100.00% - Score 0 goal in Penalty Kill
Diables - 6 on 8 Attempt(s) - 75.00% - Score 0 goal in Penalty Kill

Team Stat

Tamiflu - Hits : 15 - Faceoff Wins : 24 - Blocked Shots : 15 - Penalty Minutes : 4
Diables - Hits : 21 - Faceoff Wins : 23 - Blocked Shots : 9 - Penalty Minutes : 16

Official

Referees : Hasenfratz Mike and Fraser Kerry
Linesman : Thor Nelson and Andy McElman

Game Notes

17:36 of 3rd period - Tamiflu goal is going for a video replay. After video review, No Goal. The goalkeeper has been pushed into the net together with the puck after making a save.

Finance

Level 1 -- Attendance: 1365 (68.25%) -- Ticket Income $47,775
Level 2 -- Attendance: 803 (80.30%) -- Ticket Income $12,045
Total Attendance: 2168 (72.27%)
Total Ticket Income: $59,820
Other Income: $2,991
Total Income: $62,811

Tamiflu

5 vs 5 Forward 
   Center                   Left Wing                Right Wing               Time % Phy DF OF 
 1 Greg Mauldin             Robert Dome              Nino Niederreiter        35     0   2  3  
 2 Jamie Arniel             Tye McGinn               Petr Pohl                35     0   2  3  
 3 Mattias Tedenby          Jan Mursak               Mike Duco                20     1   2  2  
 4 Colin Greening           Lucas Lessio             Casey Wellman            10     1   2  2  

5 vs 5 Defense 
   Defense                  Defense                                           Time % Phy DF OF 
 1 Philip Samuelsson        Jordan Hendry                                     40     1   2  2  
 2 Nathan Oystrick          Stefan Elliott                                    30     1   2  2  
 3 Justin Braun             Kyle Lawson                                       20     1   2  2  
 4 Justin Braun             Philip Samuelsson                                 10     1   3  1  

PowerPlay Forward 
   Center                   Left Wing                Right Wing               Time % Phy DF OF 
 1 Greg Mauldin             Robert Dome              Nino Niederreiter        50     0   1  4  
 2 Jamie Arniel             Tye McGinn               Petr Pohl                50     0   1  4  

PowerPlay Defense
   Defense                  Defense                                           Time % Phy DF OF 
 1 Philip Samuelsson        Jordan Hendry                                     60     0   2  3  
 2 Stefan Elliott           Nathan Oystrick                                   40     0   2  3  

Penalty Kill 4 Players Forward 
   Center                   Wing                     Time % Phy DF OF 
 1 Petr Pohl                Jan Mursak               60     1   3  1  
 2 Jamie Arniel             Mike Duco                40     1   3  1  

Penalty Kill 4 Players Defense
   Defense                  Defense                  Time % Phy DF OF 
 1 Nathan Oystrick          Stefan Elliott           50     1   3  1  
 2 Philip Samuelsson        Jordan Hendry            50     1   3  1  

Penalty Kill - 3 Players Forward 
   Forward                                           Time % Phy DF OF 
 1 Jan Mursak                                        60     1   4  0  
 2 Mike Duco                                         40     1   4  0  

Penalty Kill - 3 Players Defense
   Defense                  Defense                  Time % Phy DF OF 
 1 Nathan Oystrick          Jordan Hendry            60     1   4  0  
 2 Philip Samuelsson        Stefan Elliott           40     1   4  0  

4 vs 4 Forward 
   Center                   Wing                     Time % Phy DF OF 
 1 Greg Mauldin             Petr Pohl                50     1   2  2  
 2 Robert Dome              Nino Niederreiter        50     1   2  2  

4 vs 4 Defense
   Defense                  Defense                  Time % Phy DF OF 
 1 Philip Samuelsson        Jordan Hendry            60     1   2  2  
 2 Nathan Oystrick          Justin Braun             40     1   2  2  

Last Minutes Offensive
   Center                   Left Wing                Right Wing               Defense                  Defense                  
   Greg Mauldin             Robert Dome              Petr Pohl                Philip Samuelsson        Jordan Hendry            

Last Minutes Defensive
   Center                   Left Wing                Right Wing               Defense                  Defense                  
   Jamie Arniel             Jan Mursak               Mike Duco                Philip Samuelsson        Nathan Oystrick          

Goaltenders
Starting : Thomas Greiss            
Backup : Tyler Beskorowany        

Extra Forwards
Normal : Petr Pohl, Nino Niederreiter, Mike Duco - PP : Mattias Tedenby, Mike Duco - PK : Greg Mauldin
Extra Defensemen
Normal : Philip Samuelsson, Stefan Elliott, Justin Braun - PP : Justin Braun - PK : Justin Braun, Stefan Elliott
Penalty Shots
Mattias Tedenby, Jamie Arniel, Robert Dome, Nino Niederreiter, Greg Mauldin

Scratches
Adam Larsson (Sprained Right Finger Injury), Garrett Wilson (Healthy), Tanner Kero (Healthy), Greg McKegg (Healthy), Brett Bulmer (Healthy)
Stuart Percy (Healthy), Rich Clune (Healthy), Jerome Gauthier-Leduc (Healthy), Konrad Abeltshauser (Healthy), Phoenix Copley (Healthy)
Joe Fallon (Healthy)

Diables

5 vs 5 Forward 
   Center                   Left Wing                Right Wing               Time % Phy DF OF 
 1 Tyler Bozak              Gabriel Landeskog        Steve Quailer            40     0   2  3  
 2 Craig Smith              Kellan Lain              Tomas Kubalik            30     0   2  3  
 3 Kyle Chipchura           Brandon Prust            Ben Hanowski             20     1   2  2  
 4 Tyler Arnason            Taylor Beck              J.T. Brown               10     1   2  2  

5 vs 5 Defense 
   Defense                  Defense                                           Time % Phy DF OF 
 1 Tyler Cuma               Lukas Krajicek                                    40     1   2  2  
 2 Mark Fraser              Pavel Valentenko                                  30     1   2  2  
 3 Petter Granberg          Keith Seabrook                                    20     1   2  2  
 4 Jamie Oleksiak           Tyler Cuma                                        10     1   2  2  

PowerPlay Forward 
   Center                   Left Wing                Right Wing               Time % Phy DF OF 
 1 Tyler Bozak              Gabriel Landeskog        Ben Hanowski             60     1   2  2  
 2 Craig Smith              Kellan Lain              Tomas Kubalik            40     1   2  2  

PowerPlay Defense
   Defense                  Defense                                           Time % Phy DF OF 
 1 Tyler Cuma               Lukas Krajicek                                    60     1   2  2  
 2 Mark Fraser              Pavel Valentenko                                  40     1   2  2  

Penalty Kill 4 Players Forward 
   Center                   Wing                     Time % Phy DF OF 
 1 Brandon Prust            Kellan Lain              60     1   2  2  
 2 Gabriel Landeskog        Craig Smith              40     1   2  2  

Penalty Kill 4 Players Defense
   Defense                  Defense                  Time % Phy DF OF 
 1 Tyler Cuma               Lukas Krajicek           60     1   2  2  
 2 Mark Fraser              Pavel Valentenko         40     1   2  2  

Penalty Kill - 3 Players Forward 
   Forward                                           Time % Phy DF OF 
 1 Brandon Prust                                     60     1   2  2  
 2 Kellan Lain                                       40     1   2  2  

Penalty Kill - 3 Players Defense
   Defense                  Defense                  Time % Phy DF OF 
 1 Tyler Cuma               Lukas Krajicek           60     1   2  2  
 2 Mark Fraser              Pavel Valentenko         40     1   2  2  

4 vs 4 Forward 
   Center                   Wing                     Time % Phy DF OF 
 1 Brandon Prust            Kellan Lain              60     1   2  2  
 2 Gabriel Landeskog        Craig Smith              40     1   2  2  

4 vs 4 Defense
   Defense                  Defense                  Time % Phy DF OF 
 1 Tyler Cuma               Lukas Krajicek           60     1   2  2  
 2 Mark Fraser              Pavel Valentenko         40     1   2  2  

Last Minutes Offensive
   Center                   Left Wing                Right Wing               Defense                  Defense                  
   Craig Smith              Gabriel Landeskog        Tomas Kubalik            Tyler Cuma               Lukas Krajicek           

Last Minutes Defensive
   Center                   Left Wing                Right Wing               Defense                  Defense                  
   Craig Smith              Gabriel Landeskog        Ben Hanowski             Tyler Cuma               Lukas Krajicek           

Goaltenders
Starting : Marek Mazanek            
Backup : Jean-Francois Berube     

Extra Forwards
Normal : Steve Quailer, Ben Hanowski, J.T. Brown - PP : Tomas Kubalik, Ben Hanowski - PK : Kyle Chipchura
Extra Defensemen
Normal : Petter Granberg, Tyler Cuma, Keith Seabrook - PP : Petter Granberg - PK : Tyler Cuma, Jamie Oleksiak
Penalty Shots
Brandon Prust, Kellan Lain, Gabriel Landeskog, Craig Smith, Ben Hanowski

Scratches
Louis Leblanc (Healthy), Vladislav Namestnikov (Healthy), Matt Lindblad (Healthy), Christian Thomas (Healthy), Borna Rendulic (Healthy)
Adam Clendening (Healthy), Brett Ritchie (Healthy), Blake Coleman (Healthy), Pierre-Cédric Labrie (Healthy), Marc-André Bourdon (Healthy)
Eddie Lack (Healthy)

% Time on Ice - Tamiflu

Lines # - Real PCT - Wanted PCT - Time Play
Normal Forward
1 - 29% - 35% - 12:56
2 - 32% - 35% - 14:05
3 - 23% - 20% - 10:22
4 - 16% - 10% - 7:18
Normal Defense
1 - 38% - 40% - 17:05
2 - 32% - 30% - 14:22
3 - 25% - 20% - 11:07
4 - 5% - 10% - 2:07
PP Forward
1 - 55% - 50% - 6:12
2 - 45% - 50% - 5:09
PP Defense
1 - 55% - 60% - 6:16
2 - 45% - 40% - 5:05
PK Forward
1 - 77% - 60% - 3:04
2 - 23% - 40% - 0:54
PK Defense
1 - 27% - 50% - 1:05
2 - 73% - 50% - 2:53
PK3 Forward
1 - 0% - 60%
2 - 0% - 40%
PK3 Defense
1 - 0% - 60%
2 - 0% - 40%
44 Forward
1 - 0% - 50%
2 - 0% - 50%
44 Defense
1 - 0% - 60%
2 - 0% - 40%
Last Minute Offensive  - 0:00
Last Minute Defensive  - 0:00
Total
Forward - 60:00
Defense - 60:00

% Time on Ice - Diables

Lines # - Real PCT - Wanted PCT - Time Play
Normal Forward
1 - 36% - 40% - 16:00
2 - 25% - 30% - 11:23
3 - 20% - 20% - 8:52
4 - 19% - 10% - 8:26
Normal Defense
1 - 35% - 40% - 15:28
2 - 35% - 30% - 15:44
3 - 24% - 20% - 10:39
4 - 6% - 10% - 2:50
PP Forward
1 - 54% - 60% - 2:08
2 - 46% - 40% - 1:50
PP Defense
1 - 67% - 60% - 2:39
2 - 33% - 40% - 1:19
PK Forward
1 - 75% - 60% - 8:34
2 - 25% - 40% - 2:47
PK Defense
1 - 59% - 60% - 6:40
2 - 41% - 40% - 4:41
PK3 Forward
1 - 0% - 60%
2 - 0% - 40%
PK3 Defense
1 - 0% - 60%
2 - 0% - 40%
44 Forward
1 - 0% - 60%
2 - 0% - 40%
44 Defense
1 - 0% - 60%
2 - 0% - 40%
Last Minute Offensive  - 0:00
Last Minute Defensive  - 0:00
Total
Forward - 60:00
Defense - 60:00

Play by Play

1st period


0:01 of 1st period - Greg Mauldin wins face-off versus Tyler Bozak in neutral zone.
0:51 of 1st period - Slapshot by Nathan Oystrick.
0:51 of 1st period - Stopped by Marek Mazanek with a rebound.
1:13 of 1st period - Slapshot by Tyler Cuma.
1:13 of 1st period - Deflect By Ben Hanowski.
1:13 of 1st period - Stopped by Thomas Greiss without a rebound.
1:14 of 1st period - Kyle Chipchura wins face-off versus Jamie Arniel in Tamiflu zone.
1:20 of 1st period - Icing by Justin Braun.
1:21 of 1st period - Jamie Arniel wins face-off versus Tyler Bozak in Tamiflu zone.
2:02 of 1st period - Kyle Lawson is hit by Pavel Valentenko.
2:06 of 1st period - Nino Niederreiter is hit by Tyler Arnason and loses puck.
2:23 of 1st period - Justin Braun is hit by Tyler Arnason and loses puck.
2:39 of 1st period - Off-side.
2:40 of 1st period - Tyler Bozak wins face-off versus Mattias Tedenby in neutral zone.
3:05 of 1st period - Petter Granberg is hit by Jordan Hendry and loses puck.
3:30 of 1st period - Snap shot by Craig Smith.
3:30 of 1st period - Stopped by Thomas Greiss without a rebound.
3:31 of 1st period - Tyler Bozak wins face-off versus Mattias Tedenby in Tamiflu zone.
4:27 of 1st period - Brandon Prust is hit by Jordan Hendry and loses puck.
5:30 of 1st period - Backhand shot by Tomas Kubalik.
5:30 of 1st period - Shot Blocked by Justin Braun.
6:02 of 1st period - Justin Braun is hit by Steve Quailer and loses puck.
6:40 of 1st period - Justin Braun is hit by Kellan Lain and loses puck.
7:03 of 1st period - Philip Samuelsson is hit by Tyler Bozak and loses puck.
7:24 of 1st period - Snap shot by Greg Mauldin.
7:24 of 1st period - Stopped by Marek Mazanek with a rebound.
7:26 of 1st period - Wrist shot by Greg Mauldin.
7:26 of 1st period - Stopped by Marek Mazanek without a rebound.
7:27 of 1st period - Jamie Arniel wins face-off versus Kyle Chipchura in Diables zone.
7:38 of 1st period - Slapshot by Petr Pohl.
7:38 of 1st period - Stopped by Marek Mazanek with a rebound.
7:40 of 1st period - Slapshot by Nathan Oystrick.
7:40 of 1st period - Shot Misses the Net.
7:42 of 1st period - Slapshot by Tye McGinn.
7:42 of 1st period - Stopped by Marek Mazanek with a rebound.
8:18 of 1st period - Snap shot by Tomas Kubalik.
8:18 of 1st period - Shot Blocked by Lucas Lessio.
8:20 of 1st period - Wrist shot by Craig Smith.
8:20 of 1st period - Stopped by Thomas Greiss with a rebound.
8:22 of 1st period - Slapshot by Pavel Valentenko.
8:22 of 1st period - Shot Misses the Net.
8:24 of 1st period - Snap shot by Tomas Kubalik.
8:24 of 1st period - Stopped by Thomas Greiss with a rebound.
9:03 of 1st period - Snap shot by Petr Pohl.
9:03 of 1st period - Shot Misses the Net.
9:15 of 1st period - Wrist shot by Robert Dome.
9:15 of 1st period - Stopped by Marek Mazanek with a rebound.
9:37 of 1st period - Snap shot by Kellan Lain.
9:37 of 1st period - Stopped by Thomas Greiss with a rebound.
9:39 of 1st period - Slapshot by Lukas Krajicek.
9:39 of 1st period - Stopped by Thomas Greiss with a rebound.
9:41 of 1st period - Wrist shot by Kellan Lain.
9:41 of 1st period - Stopped by Thomas Greiss with a rebound.
9:43 of 1st period - Snap shot by Kellan Lain.
9:43 of 1st period - Shot Misses the Net.
10:05 of 1st period - Wrist shot by Colin Greening.
10:05 of 1st period - Shot Misses the Net.
10:07 of 1st period - Wrist shot by Nathan Oystrick.
10:07 of 1st period - Shot Misses the Net.
10:39 of 1st period - Wrist shot by Tyler Bozak.
10:39 of 1st period - Shot Blocked by Philip Samuelsson.
10:41 of 1st period - Slapshot by Gabriel Landeskog.
10:41 of 1st period - Shot Misses the Net.
10:43 of 1st period - Slapshot by Gabriel Landeskog.
10:43 of 1st period - Shot Blocked by Jordan Hendry.
10:45 of 1st period - Slapshot by Mark Fraser.
10:45 of 1st period - Shot Blocked by Nino Niederreiter.
10:51 of 1st period - Minor Penalty to Robert Dome for Hooking.
10:52 of 1st period - Petr Pohl wins face-off versus Gabriel Landeskog in Tamiflu zone.
10:52 of 1st period - Petr Pohl is hit by Gabriel Landeskog.
12:33 of 1st period - Icing by Tyler Cuma.
12:34 of 1st period - Petr Pohl wins face-off versus Craig Smith in Diables zone.
12:51 of 1st period - Penalty to Robert Dome is over, Robert Dome is back on ice.
12:59 of 1st period - Snap shot by Greg Mauldin.
12:59 of 1st period - Deflect By Nino Niederreiter.
12:59 of 1st period - Stopped by Marek Mazanek without a rebound.
13:00 of 1st period - Tyler Arnason wins face-off versus Greg Mauldin in Diables zone.
13:07 of 1st period - Snap shot by Tyler Arnason.
13:07 of 1st period - Stopped by Thomas Greiss with a rebound.
13:23 of 1st period - Nino Niederreiter is hit by Petter Granberg.
13:41 of 1st period - Snap shot by J.T. Brown.
13:41 of 1st period - Shot Blocked by Greg Mauldin.
13:43 of 1st period - Slapshot by Petter Granberg.
13:43 of 1st period - Stopped by Thomas Greiss with a rebound.
13:45 of 1st period - Wrist shot by J.T. Brown.
13:45 of 1st period - Stopped by Thomas Greiss without a rebound.
13:46 of 1st period - Tyler Bozak wins face-off versus Jamie Arniel in Tamiflu zone.
14:20 of 1st period - Slapshot by Tomas Kubalik.
14:20 of 1st period - Shot Blocked by Stefan Elliott.
15:00 of 1st period - Minor Penalty to Craig Smith for Hooking.
15:01 of 1st period - Brandon Prust wins face-off versus Greg Mauldin in Diables zone.
15:17 of 1st period - Snap shot by Kellan Lain.
15:17 of 1st period - Shot Misses the Net.
15:33 of 1st period - Snap shot by Tye McGinn.
15:33 of 1st period - Stopped by Marek Mazanek with a rebound.
15:35 of 1st period - Slapshot by Jordan Hendry.
15:35 of 1st period - Shot Blocked by Kellan Lain.
15:37 of 1st period - Slapshot by Philip Samuelsson.
15:37 of 1st period - Stopped by Marek Mazanek with a rebound.
17:00 of 1st period - Penalty to Craig Smith is over, Craig Smith is back on ice.
17:32 of 1st period - Stefan Elliott is hit by Kellan Lain and loses puck.
18:34 of 1st period - Lucas Lessio is hit by Steve Quailer.
18:46 of 1st period - Wrist shot by Brandon Prust.
18:46 of 1st period - Stopped by Thomas Greiss without a rebound.
18:47 of 1st period - Kyle Chipchura wins face-off versus Mattias Tedenby in Tamiflu zone.
19:10 of 1st period - Jan Mursak is hit by Lukas Krajicek and loses puck.
19:17 of 1st period - Wrist shot by Jan Mursak.
19:17 of 1st period - Shot Blocked by Tyler Arnason.
19:32 of 1st period - Pavel Valentenko is hit by Petr Pohl and loses puck.
19:45 of 1st period - Slapshot by Petr Pohl.
19:45 of 1st period - Deflect By Jamie Arniel.
19:45 of 1st period - Stopped by Marek Mazanek with a rebound.
Goals for this period are 0 for Tamiflu vs 0 for Diables.
Shots for this period are 10 for Tamiflu vs 11 for Diables.

2nd period


0:01 of 2nd period - Jamie Arniel wins face-off versus Tyler Bozak in neutral zone.
0:48 of 2nd period - Kyle Chipchura is hit by Stefan Elliott and loses puck.
0:59 of 2nd period - Slapshot by Mattias Tedenby.
0:59 of 2nd period - Shot Blocked by Mark Fraser.
1:10 of 2nd period - Icing by Pavel Valentenko.
1:11 of 2nd period - Colin Greening wins face-off versus Tyler Bozak in Diables zone.
1:16 of 2nd period - Wrist shot by Colin Greening.
1:16 of 2nd period - Shot Misses the Net.
1:21 of 2nd period - Off-side.
1:22 of 2nd period - Tye McGinn wins face-off versus Tyler Bozak in neutral zone.
1:25 of 2nd period - Tyler Bozak is hit by Tye McGinn and loses puck.
1:34 of 2nd period - Wrist shot by Jamie Arniel.
1:34 of 2nd period - Deflect By Tye McGinn.
1:34 of 2nd period - Goal by Tye McGinn - Tamiflu : 1 - Diables : 0.
1:35 of 2nd period - Jamie Arniel wins face-off versus Gabriel Landeskog in neutral zone.
1:38 of 2nd period - Slapshot by Jordan Hendry.
1:38 of 2nd period - Stopped by Marek Mazanek with a rebound.
1:50 of 2nd period - Snap shot by Gabriel Landeskog.
1:50 of 2nd period - Shot Misses the Net.
3:00 of 2nd period - Kyle Lawson is hit by Tyler Arnason and loses puck.
4:53 of 2nd period - Wrist shot by Gabriel Landeskog.
4:53 of 2nd period - Stopped by Thomas Greiss with a rebound.
4:55 of 2nd period - Snap shot by Tyler Bozak.
4:55 of 2nd period - Deflect By Nino Niederreiter.
4:55 of 2nd period - Stopped by Thomas Greiss with a rebound.
4:57 of 2nd period - Snap shot by Steve Quailer.
4:57 of 2nd period - Shot Hit the Post.
4:59 of 2nd period - Snap shot by Tyler Bozak.
4:59 of 2nd period - Goal by Tyler Bozak - Tamiflu : 1 - Diables : 1.
5:00 of 2nd period - Tyler Bozak wins face-off versus Jamie Arniel in neutral zone.
5:26 of 2nd period - Greg Mauldin is hit by Kellan Lain and loses puck.
5:51 of 2nd period - Snap shot by Mattias Tedenby.
5:51 of 2nd period - Shot Misses the Net.
5:53 of 2nd period - Slapshot by Jordan Hendry.
5:53 of 2nd period - Shot Blocked by Mark Fraser.
5:55 of 2nd period - Slapshot by Mike Duco.
5:55 of 2nd period - Shot Misses the Net.
5:57 of 2nd period - Slapshot by Philip Samuelsson.
5:57 of 2nd period - Deflect By Jan Mursak.
5:57 of 2nd period - Stopped by Marek Mazanek with a rebound.
6:35 of 2nd period - Snap shot by Lucas Lessio.
6:35 of 2nd period - Deflect By Tyler Arnason.
6:35 of 2nd period - Shot Misses the Net.
6:35 of 2nd period - Puck is out of play.
6:36 of 2nd period - Greg Mauldin wins face-off versus Tyler Bozak in Diables zone.
6:41 of 2nd period - Wrist shot by Greg Mauldin.
6:41 of 2nd period - Shot Misses the Net.
6:43 of 2nd period - Snap shot by Nino Niederreiter.
6:43 of 2nd period - Shot Misses the Net.
6:45 of 2nd period - Slapshot by Nino Niederreiter.
6:45 of 2nd period - Shot Misses the Net.
6:47 of 2nd period - Snap shot by Robert Dome.
6:47 of 2nd period - Shot Misses the Net.
6:49 of 2nd period - Wrist shot by Robert Dome.
6:49 of 2nd period - Stopped by Marek Mazanek with a rebound.
6:51 of 2nd period - Wrist shot by Greg Mauldin.
6:51 of 2nd period - Shot Misses the Net.
7:01 of 2nd period - Petr Pohl is hit by Tomas Kubalik and loses puck.
7:24 of 2nd period - Snap shot by Ben Hanowski.
7:24 of 2nd period - Shot Misses the Net.
7:26 of 2nd period - Slapshot by Pavel Valentenko.
7:26 of 2nd period - Stopped by Thomas Greiss with a rebound.
7:28 of 2nd period - Wrist shot by Ben Hanowski.
7:28 of 2nd period - Stopped by Thomas Greiss without a rebound.
7:29 of 2nd period - Greg Mauldin wins face-off versus Kyle Chipchura in Tamiflu zone.
8:24 of 2nd period - Snap shot by Craig Smith.
8:24 of 2nd period - Stopped by Thomas Greiss with a rebound.
8:26 of 2nd period - Slapshot by Lukas Krajicek.
8:26 of 2nd period - Stopped by Thomas Greiss with a rebound.
8:40 of 2nd period - Slapshot by Greg Mauldin.
8:40 of 2nd period - Stopped by Marek Mazanek without a rebound.
8:41 of 2nd period - Greg Mauldin wins face-off versus Tyler Bozak in Diables zone.
9:17 of 2nd period - Icing by Craig Smith.
9:18 of 2nd period - Kellan Lain wins face-off versus Greg Mauldin in Diables zone.
9:39 of 2nd period - Snap shot by Tomas Kubalik.
9:39 of 2nd period - Stopped by Thomas Greiss without a rebound.
9:40 of 2nd period - Tyler Bozak wins face-off versus Jamie Arniel in Tamiflu zone.
10:13 of 2nd period - Slapshot by Tyler Bozak.
10:13 of 2nd period - Stopped by Thomas Greiss with a rebound.
10:15 of 2nd period - Wrist shot by Steve Quailer.
10:15 of 2nd period - Shot Misses the Net.
10:21 of 2nd period - Wrist shot by Steve Quailer.
10:21 of 2nd period - Shot Misses the Net.
10:29 of 2nd period - Wrist shot by Tyler Bozak.
10:29 of 2nd period - Stopped by Thomas Greiss with a rebound.
10:31 of 2nd period - Slapshot by Steve Quailer.
10:31 of 2nd period - Shot Blocked by Philip Samuelsson.
11:13 of 2nd period - Snap shot by Tyler Bozak.
11:13 of 2nd period - Shot Blocked by Jordan Hendry.
11:15 of 2nd period - Snap shot by Gabriel Landeskog.
11:15 of 2nd period - Shot Misses the Net.
11:17 of 2nd period - Wrist shot by Tyler Bozak.
11:17 of 2nd period - Stopped by Thomas Greiss without a rebound.
11:18 of 2nd period - Jamie Arniel wins face-off versus Craig Smith in Tamiflu zone.
11:23 of 2nd period - Snap shot by Petr Pohl.
11:23 of 2nd period - Deflect By Jamie Arniel.
11:23 of 2nd period - Stopped by Marek Mazanek with a rebound.
11:25 of 2nd period - Slapshot by Stefan Elliott.
11:25 of 2nd period - Stopped by Marek Mazanek with a rebound.
11:27 of 2nd period - Wrist shot by Jamie Arniel.
11:27 of 2nd period - Shot Blocked by Tomas Kubalik.
11:33 of 2nd period - Backhand shot by Petr Pohl.
11:33 of 2nd period - Stopped by Marek Mazanek with a rebound.
11:43 of 2nd period - Wrist shot by Greg Mauldin.
11:43 of 2nd period - Shot Blocked by Brandon Prust.
12:37 of 2nd period - Snap shot by Petr Pohl.
12:37 of 2nd period - Goal by Petr Pohl - Tamiflu : 2 - Diables : 1.
12:38 of 2nd period - Jamie Arniel wins face-off versus Craig Smith in neutral zone.
12:44 of 2nd period - Minor Penalty to Craig Smith for Holding.
12:45 of 2nd period - Jamie Arniel wins face-off versus Kellan Lain in Diables zone.
12:45 of 2nd period - Wrist shot by Petr Pohl.
12:45 of 2nd period - Goal by Petr Pohl - Tamiflu : 3 - Diables : 1.
12:46 of 2nd period - Tyler Bozak wins face-off versus Jamie Arniel in neutral zone.
12:51 of 2nd period - Backhand shot by Tyler Cuma.
12:51 of 2nd period - Stopped by Thomas Greiss with a rebound.
13:00 of 2nd period - Double Minor Penalty to Steve Quailer for Slashing.
13:01 of 2nd period - Brandon Prust wins face-off versus Jamie Arniel in Diables zone.
13:17 of 2nd period - Snap shot by Brandon Prust.
13:17 of 2nd period - Shot Misses the Net.
13:33 of 2nd period - Robert Dome is hit by Lukas Krajicek and loses puck.
15:06 of 2nd period - Slapshot by Mattias Tedenby.
15:06 of 2nd period - Stopped by Marek Mazanek without a rebound.
15:07 of 2nd period - Brandon Prust wins face-off versus Mattias Tedenby in Diables zone.
15:17 of 2nd period - Slapshot by Philip Samuelsson.
15:17 of 2nd period - Shot Blocked by Kellan Lain.
15:19 of 2nd period - Slapshot by Philip Samuelsson.
15:19 of 2nd period - Shot Misses the Net.
15:47 of 2nd period - Pavel Valentenko is hit by Nathan Oystrick and loses puck.
16:32 of 2nd period - Petter Granberg is hit by Philip Samuelsson and loses puck.
16:53 of 2nd period - Tyler Cuma is hit by Mike Duco and loses puck.
17:00 of 2nd period - Penalty to Steve Quailer is over, Steve Quailer is back on ice.
18:40 of 2nd period - Minor Penalty to Kellan Lain for Tripping.
18:41 of 2nd period - Greg Mauldin wins face-off versus Brandon Prust in Diables zone.
18:42 of 2nd period - Wrist shot by Robert Dome.
18:42 of 2nd period - Goal by Robert Dome - Tamiflu : 4 - Diables : 1.
18:43 of 2nd period - Gabriel Landeskog wins face-off versus Jamie Arniel in neutral zone.
19:09 of 2nd period - Craig Smith is hit by Nino Niederreiter and loses puck.
19:32 of 2nd period - Snap shot by Jan Mursak.
19:32 of 2nd period - Shot Misses the Net.
19:34 of 2nd period - Wrist shot by Mattias Tedenby.
19:34 of 2nd period - Deflect By Jan Mursak.
19:34 of 2nd period - Shot Blocked by Kyle Chipchura.
19:34 of 2nd period - Puck is out of play.
19:35 of 2nd period - Jamie Arniel wins face-off versus Tyler Bozak in Diables zone.
Goals for this period are 4 for Tamiflu vs 1 for Diables.
Shots for this period are 12 for Tamiflu vs 12 for Diables.

3rd period


0:01 of 3rd period - Tyler Bozak wins face-off versus Robert Dome in neutral zone.
0:04 of 3rd period - Slapshot by Lukas Krajicek.
0:04 of 3rd period - Shot Blocked by Robert Dome.
0:36 of 3rd period - Craig Smith is hit by Tye McGinn and loses puck.
0:53 of 3rd period - Mark Fraser is hit by Stefan Elliott and loses puck.
1:00 of 3rd period - Snap shot by Mike Duco.
1:00 of 3rd period - Stopped by Marek Mazanek without a rebound.
1:01 of 3rd period - Tyler Bozak wins face-off versus Greg Mauldin in Diables zone.
1:30 of 3rd period - Slapshot by Petr Pohl.
1:30 of 3rd period - Deflect By Mark Fraser.
1:30 of 3rd period - Shot Misses the Net.
1:30 of 3rd period - Puck is out of play.
1:31 of 3rd period - Craig Smith wins face-off versus Tye McGinn in Diables zone.
1:35 of 3rd period - Off-side.
1:36 of 3rd period - Tyler Bozak wins face-off versus Jamie Arniel in neutral zone.
1:50 of 3rd period - Slapshot by Tyler Cuma.
1:50 of 3rd period - Stopped by Thomas Greiss with a rebound.
2:06 of 3rd period - Slapshot by Kellan Lain.
2:06 of 3rd period - Stopped by Thomas Greiss with a rebound.
2:26 of 3rd period - Snap shot by Tyler Cuma.
2:26 of 3rd period - Shot Misses the Net.
2:28 of 3rd period - Slapshot by Tyler Cuma.
2:28 of 3rd period - Shot Misses the Net.
2:30 of 3rd period - Slapshot by Ben Hanowski.
2:30 of 3rd period - Shot Misses the Net.
2:32 of 3rd period - Snap shot by Brandon Prust.
2:32 of 3rd period - Stopped by Thomas Greiss without a rebound.
2:33 of 3rd period - Tyler Bozak wins face-off versus Nino Niederreiter in Tamiflu zone.
3:04 of 3rd period - Pavel Valentenko is hit by Tye McGinn and loses puck.
3:09 of 3rd period - Snap shot by Petr Pohl.
3:09 of 3rd period - Stopped by Marek Mazanek with a rebound.
3:21 of 3rd period - Jordan Hendry is hit by Ben Hanowski and loses puck.
3:57 of 3rd period - Off-side.
3:58 of 3rd period - Colin Greening wins face-off versus Tyler Arnason in neutral zone.
4:00 of 3rd period - Off-side.
4:01 of 3rd period - Jamie Arniel wins face-off versus Tyler Arnason in neutral zone.
4:04 of 3rd period - Wrist shot by Jamie Arniel.
4:04 of 3rd period - Shot Blocked by Tyler Arnason.
4:22 of 3rd period - Minor Penalty to Tyler Arnason for Hooking.
4:23 of 3rd period - Jamie Arniel wins face-off versus Brandon Prust in Diables zone.
5:38 of 3rd period - Lukas Krajicek is hit by Nino Niederreiter.
6:22 of 3rd period - Penalty to Tyler Arnason is over, Tyler Arnason is back on ice.
6:23 of 3rd period - Greg Mauldin is hit by Taylor Beck and loses puck.
7:24 of 3rd period - Nathan Oystrick is hit by Steve Quailer and loses puck.
7:47 of 3rd period - Slapshot by Tyler Cuma.
7:47 of 3rd period - Shot Misses the Net.
8:23 of 3rd period - Philip Samuelsson is hit by Ben Hanowski and loses puck.
8:49 of 3rd period - Wrist shot by Tyler Arnason.
8:49 of 3rd period - Shot Misses the Net.
8:51 of 3rd period - Slapshot by Keith Seabrook.
8:51 of 3rd period - Shot Blocked by Kyle Lawson.
9:25 of 3rd period - Stefan Elliott is hit by Taylor Beck and loses puck.
9:34 of 3rd period - Minor Penalty to Nino Niederreiter for Hooking.
9:35 of 3rd period - Petr Pohl wins face-off versus Tyler Bozak in Tamiflu zone.
9:35 of 3rd period - Petr Pohl is hit by Lukas Krajicek.
11:00 of 3rd period - Mark Fraser is hit by Stefan Elliott.
11:34 of 3rd period - Penalty to Nino Niederreiter is over, Nino Niederreiter is back on ice.
12:13 of 3rd period - Slapshot by Jamie Arniel.
12:13 of 3rd period - Shot Misses the Net.
12:39 of 3rd period - Snap shot by Jan Mursak.
12:39 of 3rd period - Goal by Jan Mursak - Tamiflu : 5 - Diables : 1.
12:40 of 3rd period - Jamie Arniel wins face-off versus Tyler Bozak in neutral zone.
12:51 of 3rd period - Slapshot by Tyler Cuma.
12:51 of 3rd period - Shot Blocked by Jordan Hendry.
12:53 of 3rd period - Snap shot by Gabriel Landeskog.
12:53 of 3rd period - Shot Blocked by Jordan Hendry.
12:55 of 3rd period - Snap shot by Gabriel Landeskog.
12:55 of 3rd period - Stopped by Thomas Greiss without a rebound.
12:56 of 3rd period - Greg Mauldin wins face-off versus Craig Smith in Tamiflu zone.
13:03 of 3rd period - Slapshot by Greg Mauldin.
13:03 of 3rd period - Stopped by Marek Mazanek with a rebound.
13:05 of 3rd period - Snap shot by Greg Mauldin.
13:05 of 3rd period - Goal by Greg Mauldin - Tamiflu : 6 - Diables : 1.
13:06 of 3rd period - Tyler Bozak wins face-off versus Jamie Arniel in neutral zone.
13:13 of 3rd period - Snap shot by Steve Quailer.
13:13 of 3rd period - Stopped by Thomas Greiss with a rebound.
13:15 of 3rd period - Snap shot by Steve Quailer.
13:15 of 3rd period - Shot Blocked by Philip Samuelsson.
13:17 of 3rd period - Slapshot by Tyler Bozak.
13:17 of 3rd period - Stopped by Thomas Greiss with a rebound.
13:19 of 3rd period - Wrist shot by Steve Quailer.
13:19 of 3rd period - Shot Blocked by Tye McGinn.
13:21 of 3rd period - Slapshot by Lukas Krajicek.
13:21 of 3rd period - Stopped by Thomas Greiss without a rebound.
13:22 of 3rd period - Craig Smith wins face-off versus Greg Mauldin in Tamiflu zone.
13:23 of 3rd period - Wrist shot by Kellan Lain.
13:23 of 3rd period - Stopped by Thomas Greiss with a rebound.
14:07 of 3rd period - Snap shot by Mike Duco.
14:07 of 3rd period - Stopped by Marek Mazanek without a rebound.
14:08 of 3rd period - Kyle Chipchura wins face-off versus Mattias Tedenby in Diables zone.
14:15 of 3rd period - Slapshot by Philip Samuelsson.
14:15 of 3rd period - Deflect By Brandon Prust.
14:15 of 3rd period - Stopped by Marek Mazanek with a rebound.
14:57 of 3rd period - Petter Granberg is hit by Greg Mauldin and loses puck.
16:38 of 3rd period - Double Minor Penalty to Taylor Beck for High sticking.
16:39 of 3rd period - Greg Mauldin wins face-off versus Brandon Prust in Diables zone.
17:34 of 3rd period - Snap shot by Jordan Hendry.
17:34 of 3rd period - Stopped by Marek Mazanek with a rebound.
17:36 of 3rd period - Wrist shot by Mattias Tedenby.
17:36 of 3rd period - Tamiflu goal is going for a video replay.
17:36 of 3rd period - The goal is refused. The goalkeeper has been pushed into the net together with the puck after making a save..
17:37 of 3rd period - Gabriel Landeskog wins face-off versus Mattias Tedenby in Diables zone.
Goals for this period are 2 for Tamiflu vs 0 for Diables.
Shots for this period are 9 for Tamiflu vs 8 for Diables.